 Dungeon Crawl Stone Soup version 0.26.0-7-g794d0892b4 (webtiles) character file.

Game seed: 15104170633068203723

29 jackrogers the Chopper (level 3, -2/29 HPs)
             Began as a Demonspawn Chaos Knight on Jan 12, 2021.
             Was a Plaything of Xom.
             Slain by Natasha (5 damage)
             ... on level 2 of the Dungeon.
             The game lasted 00:01:18 (1074 turns).

jackrogers the Chopper (Demonspawn Chaos Knight)    Turns: 1074, Time: 00:01:19

Health: -2/29      AC:  5    Str: 13    XL:     3   Next: 1%
Magic:  12/12      EV: 11    Int: 13    God:    Xom [......]
Gold:   80         SH:  0    Dex: 12    Spells: 2/2 levels left

rFire    + . .     SeeInvis .   f - +0 hand axe
rCold    + . .     Faith    .   (no shield)
rNeg     . . .     Spirit   .   b - +2 leather armour
rPois    +         Reflect  .   (no helmet)
rElec    +         Harm     .   (no cloak)
rCorr    +         Rampage  .   (no gloves)
Will     .....                  (no boots)
Stlth    +.........             (no amulet)
HPRegen  0.09/turn              i - ring of magical power {MP+9}
MPRegen  0.13/turn              (no ring)

@: resistant
A: miasma immunity
a: Renounce Religion


You were on level 2 of the Dungeon.
You worshipped Xom.
You were a very special plaything of Xom.
You visited 1 branch of the dungeon, and saw 2 of its levels.

You collected 80 gold pieces.

Inventory:

Hand Weapons
 a - a +0 hand axe of chaos
 f - a +0 hand axe (weapon)
   (You found it on level 2 of the Dungeon)
Armour
 b - a +2 leather armour (worn)
Jewellery
 e - a -4 ring of dexterity
   (You found it on level 1 of the Dungeon)
 i - a ring of magical power (left hand) {MP+9}
   (You found it on level 1 of the Dungeon)
Potions
 d - a potion of curing {unknown}
 g - a potion of brilliance {unknown}
 h - a potion of mutation {!q}


   Skills:
 - Level 3.0 Fighting
 + Level 3.8 Axes
 - Level 1.7 Armour
 - Level 0.8 Dodging


You had 2 spell levels left.
You didn't know any spells.
Your spell library was empty.

Dungeon Overview and Level Annotations

Branches:
Dungeon (2/15)

Altars:

Annotations:
D:2 Natasha


Innate Abilities, Weirdness & Mutations

You are immune to miasma.


Message History

You hit Natasha.
Natasha evaporates and reforms as a dart slug!
The crimson imp blinks!
Natasha launches a dart at you. The slug dart misses you.
You hit Natasha.
Spoiler Alert: Natasha the dart slug can cast Slow, Mephitic Cloud, Call Imp, and go Invisible!
You hit Natasha. You drain Natasha.
You kill Natasha!
Natasha growls in agony!
The crimson imp disappears in a puff of smoke!
The goblin hits you with a +0 dagger.
You hit the goblin but do no damage. The goblin barely misses you.
You hit the goblin.
You kill the goblin!
No target in view!
No target in view!
No target in view!
Things that are here:
a +0 dagger; a goblin corpse You now have 80 gold pieces (gained 10).
Found a stone staircase leading down.
A bat comes into view.
A bat is nearby!
A hobgoblin comes into view. It is wielding a +0 club.
The bat barely misses you. The bat barely misses you.
The hobgoblin closely misses you.
You slash the hobgoblin!
You kill the hobgoblin!
You hit the bat but do no damage. The bat closely misses you.
The bat hits you but does no damage. The bat closely misses you.
You hit the bat. You burn the bat.
You kill the bat! "Let's try an experiment, hmmm?"
Your eyebrows wriggle.
You are now a very special plaything of Xom.
You have reached level 3!
Your experience leads to an increase in your attributes!
Increase (s)trength, (i)ntelligence, or (d)exterity?
You feel stronger.
Found a faded altar of an unknown god.
You see here a bat corpse.
There is a stone staircase leading down here.
You see here a hand axe.
f - a hand axe
Okay, then.
There are no items here.
f - a +0 hand axe (weapon)
"Let's go for a ride!"
Your surroundings suddenly seem different.
Found a stone staircase leading up.
Natasha, Servant of Life and Death comes into view.
Spoiler Alert: Natasha (wandering) can cast Slow, Mephitic Cloud, Call Imp, and go Invisible!
Natasha hisses angrily.
You see here 5 gold pieces.
Spoiler Alert: Natasha can cast Slow, Mephitic Cloud, Call Imp, and go Invisible!
Spoiler Alert: Natasha can cast Slow, Mephitic Cloud, Call Imp, and go Invisible!
Spoiler Alert: Natasha can cast Slow, Mephitic Cloud, Call Imp, and go Invisible!
You barely miss Natasha. Natasha closely misses you.
Spoiler Alert: Natasha can cast Slow, Mephitic Cloud, Call Imp, and go Invisible!
You hit Natasha but do no damage.
Natasha howls an incantation.
Natasha shimmers violently.
Natasha closely misses you. Natasha claws you.
Spoiler Alert: Natasha can cast Slow, Mephitic Cloud, Call Imp, and go Invisible!
You hit Natasha but do no damage.
Natasha wildly gestures.
You feel troubled. Natasha casts a spell at you. The magic dart hits you.
Spoiler Alert: Natasha can cast Slow, Mephitic Cloud, Call Imp, and go Invisible!
You barely miss Natasha. Natasha claws you.
Spoiler Alert: Natasha can cast Slow, Mephitic Cloud, Call Imp, and go Invisible!
You are too injured to fight recklessly!
Spoiler Alert: Natasha can cast Slow, Mephitic Cloud, Call Imp, and go Invisible!
You are too injured to fight recklessly!
Spoiler Alert: Natasha can cast Slow, Mephitic Cloud, Call Imp, and go Invisible!
Unknown command.
Spoiler Alert: Natasha can cast Slow, Mephitic Cloud, Call Imp, and go Invisible!
You hit Natasha. Natasha claws you.
Spoiler Alert: Natasha can cast Slow, Mephitic Cloud, Call Imp, and go Invisible!
You hit Natasha. Natasha claws you.
* * * LOW HITPOINT WARNING * * *
Spoiler Alert: Natasha can cast Slow, Mephitic Cloud, Call Imp, and go Invisible!
You closely miss Natasha.
Natasha casts a spell.
Spoiler Alert: Natasha can cast Slow, Mephitic Cloud, Call Imp, and go Invisible!
You hit Natasha. Natasha claws you.
* * * LOW HITPOINT WARNING * * *
Spoiler Alert: Natasha can cast Slow, Mephitic Cloud, Call Imp, and go Invisible!
It was a potion of resistance.
You feel protected.
Xom thinks this is hilarious!
Natasha claws you but does no damage.
The crimson imp blinks!
Spoiler Alert: Natasha can cast Slow, Call Imp, and go Invisible!
You hit Natasha but do no damage. Natasha claws you but does no damage.
You miss Natasha. Natasha barely misses you.
You hit Natasha but do no damage. Natasha claws you.
You die...
Xom titters!

..........#
.........#
.........#
........# ...
....... ....
##.... ....#
##.h.######
.....###..@.......
....5............
........$........
#.###<..#..######
#.# ##.##.#### #.#
#..#......
##.###.........
#...##.#.......
####...#..........


You could see Natasha and a crimson imp (summoned).

Vanquished Creatures
  2 dart slugs
  A leopard gecko (D:2)
  3 bats
  3 goblins
  2 hobgoblins
  8 jackals
  A kobold (D:1)
  A rat (D:1)
21 creatures vanquished.

Notes
Turn   | Place    | Note
-------+----------+-------------------------------------------
     0 | D:1      | jackrogers the Demonspawn Chaos Knight began the quest for
                  | the Orb.
     0 | D:1      | Reached XP level 1. HP: 18/18 MP: 1/1
    97 | D:1      | Reached skill level 3 in Axes
   100 | D:1      | XOM: potion effect (brilliance)
   118 | D:1      | Gained mutation: You are immune to miasma. [demonic
                  | ancestry]
   118 | D:1      | Reached XP level 2. HP: 9/24 MP: 2/2
   988 | D:2      | Noticed Natasha
   992 | D:2      | Noticed a crimson imp
   993 | D:2      | Noticed Natasha
   993 | D:2      | Natasha changed into Natasha the dart slug
   995 | D:2      | Killed Natasha the dart slug
  1022 | D:2      | XOM: silly message
  1023 | D:2      | Reached XP level 3. HP: 29/29 MP: 3/3
  1023 | D:2      | Found a faded altar of an unknown god.
  1049 | D:2      | XOM: 1-stop teleportation journey
  1059 | D:2      | Noticed Natasha
  1068 | D:2      | HP: 7/29 [Natasha (5)]
  1070 | D:2      | HP: 2/29 [Natasha (5)]
  1074 | D:2      | Slain by Natasha

Illustrated notes

Levels and vault maps discovered:
D:1:      giann_bridges, layout_rooms, minmay_cupped
D:2:      layout_rooms, chequers_ecumenical_altar_simple_redux, uniq_natasha,
          uniq_jessica

Skill      XL: |  1 |
---------------+----+-----
Axes           | 3 |  3.8
Fighting       | |  3.0
Armour         | |  1.7
Dodging        | |  0.8

Action                   || total
-------------------------++-------
Melee: Hand axe          ||    71
  Use: Scroll            ||     3
       Potion            ||     1
 Stab: Confused          ||     1
       Paralysed         ||     1
Armor: Leather armour    ||    29
Dodge: Dodged            ||    69

Table legend: (Time is in decaauts)
 A = Elapsed time spent in this place.
 B = Non-inter-level travel time spent in this place.
 C = Inter-level travel time spent in this place.
 D = Time resting spent in this place.
 E = Time spent auto-exploring this place.
 F = Levels seen in this place.
 G = Mean time per level.
                   A        B        C        D        E       F      G
               +--------+--------+--------+--------+--------+-----+--------+
         Total |   1081 |   1045 |     36 |    179 |    712 |   2 |  540.5 |
       Dungeon |   1081 |   1045 |     36 |    179 |    712 |   2 |  540.5 |
               +--------+--------+--------+--------+--------+-----+--------+

Top non-repeatable levels by time:
     D:1: 828 daAuts
     D:2: 252 daAuts

Table legend:
 A = Kills in this place as a percentage of kills in entire the game.
 B = Kills by you in this place as a percentage of kills by you in the entire game.
 C = Kills by friends in this place as a percentage of kills by friends in the entire game.
 D = Other kills in this place as a percentage of other kills in the entire game.
 E = Experience gained in this place as a percentage of experience gained in the entire game.
 F = Experience gained in this place divided by the number of levels of this place that you have seen.
                   A       B       C       D       E      F
               +-------+-------+-------+-------+-------+----------------------
         Total | 100.0 | 100.0 |   N/A |   N/A | 100.0 |  21.0
       Dungeon | 100.0 | 100.0 |   N/A |   N/A | 100.0 |  21.0
               +-------+-------+-------+-------+-------+----------------------
